 Dungeon Crawl Stone Soup version 0.19.1 (webtiles) character file.

37585 dajomu the Peltast (level 13, -35/111 HPs)
             Began as a Minotaur Fighter on Dec 12, 2016.
             Was the Champion of Cheibriados.
             Killed from afar by Roxanne (54 damage)
             ... with an iron shot
             ... on level 2 of the Swamp on Dec 13, 2016.
             The game lasted 01:45:08 (15421 turns).

dajomu the Peltast (Minotaur Fighter)              Turns: 15421, Time: 01:45:09

Health: -35/111    AC: 13    Str: 45    XL:     13   Next: 59%
Magic:  14/14      EV: 26    Int: 23    God:    Cheibriados [******]
Gold:   535        SH: 18    Dex: 26    Spells: 0 memorised, 12 levels left

rFire  + . .     SeeInvis .     A - +7 dagger of the Shore {elec, Str+9 Dex-4}
rCold  . . .     Gourm    .     Z - +2 ring mail {rF+}
rNeg   . . .     Faith    .     c - +0 shield
rPois  .         Spirit   .     (helmet restricted)
rElec  .         Reflect  .     (no cloak)
rCorr  .         Harm     .     (no gloves)
MR     +....                    p - +2 pair of boots
Stlth  +++.......               (no amulet)
                                U - +4 ring of evasion
                                o - +3 ring of dexterity

@: lethally poisoned (-35 -> -141), about to teleport, very slow
A: retaliatory headbutt, horns 2, high mp 1, magic resistance 1, sturdy frame 1
a: Bend Time, Temporal Distortion, Slouch, Step From Time, Renounce Religion


You were on level 2 of the Swamp.
You worshipped Cheibriados.
Cheibriados was exalted by your worship.
You were not hungry.

You visited 4 branches of the dungeon, and saw 14 of its levels.

You collected 910 gold pieces.
You spent 375 gold pieces at shops.

Inventory:

Hand Weapons
 a - a +1 long sword of flaming
 A - the +7 dagger of the Shore (weapon) {elec, Str+9 Dex-4}
   (You found it on level 4 of the Dungeon)

   Occasionally, upon striking a foe, it will discharge some electrical energy
   and cause terrible harm.
   It affects your strength (+9).
   It affects your dexterity (-4).
 M - the +5 war axe "Qattem" {venom, rC+ Str+2 Int+2, unknown}
   (You found it on level 2 of the Swamp)

   It poisons the flesh of those it strikes.
   It affects your strength (+2).
   It affects your intelligence (+2).
   It protects you from cold.
Missiles
 t - 27 poisoned needles
Armour
 c - a +0 shield (worn)
 i - a +2 pair of boots
 p - a +2 pair of boots (worn)
 Z - a +2 ring mail of fire resistance (worn)
Jewellery
 o - a +3 ring of dexterity (left hand)
 U - a +4 ring of evasion (right hand)
Wands
 j - a wand of disintegration (1/24)
 n - a wand of heal wounds (2/9)
 N - a wand of flame (29/48)
 T - a wand of slowing (10/48)
Scrolls
 g - a scroll of vulnerability {unknown}
 m - a scroll of summoning {unknown}
 q - 2 scrolls of enchant weapon
 u - 2 scrolls of remove curse
 w - a scroll of teleportation
 H - a scroll of brand weapon
 I - 2 scrolls of blinking
 S - a scroll of fog
 V - a scroll of immolation
 X - a scroll of magic mapping
Potions
 d - 3 potions of invisibility
 e - 2 potions of brilliance
 k - a potion of curing
 v - a potion of resistance {unknown}
 E - 3 potions of heal wounds
 G - 2 potions of ambrosia
 K - 2 potions of magic {unknown}
 R - 4 potions of flight
Books
 b - a book of Debilitation

   Spells                             Type                      Level
   a - Corona                         Hexes                        1
   b - Slow                           Hexes                        2
   c - Gell's Gravitas                Hexes/Translocation          3
   d - Inner Flame                    Hexes/Fire                   3
   e - Cause Fear                     Hexes                        4
   f - Leda's Liquefaction            Hexes/Earth                  4
 y - a book of Maledictions

   Spells                             Type                      Level
   a - Corona                         Hexes                        1
   b - Ensorcelled Hibernation        Hexes/Ice                    2
   c - Confuse                        Hexes                        3
   d - Tukima's Dance                 Hexes                        3
   e - Dazzling Spray                 Conjuration/Hexes            3
 D - a book of Minor Magic

   Spells                             Type                      Level
   a - Magic Dart                     Conjuration                  1
   b - Blink                          Translocation                2
   c - Call Imp                       Summoning                    2
   d - Repel Missiles                 Charms/Air                   2
   e - Slow                           Hexes                        2
   f - Conjure Flame                  Conjuration/Fire             3
   g - Mephitic Cloud                 Conjuration/Poison/Air       3
 O - a book of Maledictions

   Spells                             Type                      Level
   a - Corona                         Hexes                        1
   b - Ensorcelled Hibernation        Hexes/Ice                    2
   c - Confuse                        Hexes                        3
   d - Tukima's Dance                 Hexes                        3
   e - Dazzling Spray                 Conjuration/Hexes            3
Comestibles
 f - 5 bread rations
 h - 4 meat rations
 s - 4 beef jerkies
 x - 2 slices of pizza
 W - 24 fruits
 Y - a royal jelly


   Skills:
 + Level 9.1 Fighting
 + Level 10.3(11.1) Short Blades
 + Level 7.3(10.2) Long Blades
 + Level 12.6 Armour
 + Level 10.4 Dodging
 + Level 4.5 Stealth
 + Level 15.2 Shields
 + Level 1.3 Evocations


You had 12 spell levels left.
You didn't know any spells.

Dungeon Overview and Level Annotations

Branches:
Dungeon (8/15)             Temple (1/1) D:4            Lair (3/6) D:8
  Swamp (2/4) Lair:3
  Snake: Lair:2-4    Spider: Lair:2-4

Altars:
Ashenzari
Cheibriados
Dithmenos
Elyvilon
Fedhas
Gozag
Hepliaklqana
Kikubaaqudgha
Makhleb
Nemelex Xobeh
Okawaru
Qazlal
Ru
Sif Muna
Trog
Uskayaw
Vehumet
Xom
Yredelemnul
Zin
The Shining One

Shops:
D:8 *

Annotations:
Swamp:2 exclusion: Roxanne, Roxanne


Innate Abilities, Weirdness & Mutations

You reflexively headbutt those who attack you in melee.
You have a pair of horns on your head.
You have an increased reservoir of magic. (+10% MP)
You are resistant to hostile enchantments. (MR+)
Your movements are slightly less encumbered by armour. (ER -2)


Message History

You hit Roxanne but do no damage.
Roxanne is lightly damaged.
* * * LOW HITPOINT WARNING * * *
You feel very sick. You block the swamp dragon's attack.
The swamp dragon misses you. You block the swamp dragon's attack.
You hit Roxanne but do no damage. You headbutt Roxanne.
Roxanne is lightly damaged.
* * * LOW HITPOINT WARNING * * *
You feel very sick.
Unknown command.
As you read the scroll of teleportation, it crumbles to dust.
You feel strangely unstable.
* * * LOW HITPOINT WARNING * * *
You feel very sick. The swamp dragon completely misses you.
You block the swamp dragon's attack. The swamp dragon completely misses you.
Roxanne mumbles some strange words.
The iron shot hits you!
You die...

....*♣♣♣.≈..≈≈....♣♣ *♣.≈≈≈..≈≈..
♣♣≈,≈♣≈≈≈♣.≈≈≈≈.≈≈.♣♣♣♣>≈≈≈..≈≈≈≈
≈,,≈♣≈≈≈≈≈♣.≈.≈≈.≈...♣♣....♣.≈≈≈≈
,,.≈≈≈≈≈≈≈≈≈≈(.♣≈.....♣≈...≈.≈≈≈≈
≈≈.≈♣≈≈≈≈≈♣.....♣.≈....♣§..≈♣....
,,≈≈≈♣≈≈≈♣♣..≈≈.♣≈..♣♣♣♣♣♣♣♣♣.≈≈.
≈,≈≈≈≈≈≈♣*♣≈.≈§≈.♣♣♣♣ ♣♣♣≈≈≈.
,≈≈≈≈...,♣.♣≈.§§D§♣.♣♣ ♣..≈≈≈.
,≈≈≈≈≈..♣...≈.≈§@§§..♣ ♣≈≈≈≈≈.
,,≈≈≈≈≈≈.♣≈≈..≈≈§8§≈.♣* ♣♣≈≈≈≈≈
≈,≈≈,≈,,*♣..♣♣.≈.§...)♣ ♣♣≈≈≈≈.
,,≈≈≈≈≈≈,..,*♣♣♣♣§..≈♣♣ ♣≈.≈≈..
≈≈≈≈≈≈≈≈≈.,** *♣.≈♣♣ ♣♣.≈≈≈.
≈≈≈≈≈≈≈≈≈≈** *♣♣♣ ♣≈≈≈≈≈
≈≈≈≈≈,≈≈≈,** ♣♣.≈≈≈ ≈≈≈≈>,≈≈≈≈,*
***♣≈...≈ ≈≈≈≈,≈≈≈≈≈,***
*♣.....♣..


You could see Roxanne and a swamp dragon.

Vanquished Creatures
  A thorn hunter (Swamp:1)
  Harold (Lair:3)
  5 hydras
  2 ghost crabs
  7 alligators
  The ghost of dvd the Tainter, a novice OpVM of Vehumet (D:8)
  2 swamp dragons
  A shambling mangrove (Swamp:2)
  The ghost of empire the Covert, a novice VSAs (D:6)
  Joseph (D:8)
  11 spiny frogs
  2 black mambas
  The ghost of SeriousVitamin the Grappler, a novice DrTm (D:4)
  2 komodo dragons (Lair:3)
  A troll (D:8)
  7 tyrant leeches
  6 bog bodies
  6 hornets
  9 blink frogs (Lair:1)
  3 hippogriffs
  Prince Ribbit (D:8)
  Sigmund (D:6)
  2 spriggans (Swamp:2)
  3 shadows
  Eustachio (D:6)
  9 yaks
  Grum (D:8)
  16 vampire mosquitoes
  A basilisk (Lair:1)
  4 insubstantial wisps (Swamp:2)
  13 swamp worms
  3 water moccasins
  7 porcupines
  3 orc warriors
  2 ice beasts (D:5)
  A sky beast (D:6)
  2 necrophages
  10 ogres
  2 swamp drakes
  2 phantoms
  8 wolves
  A centaur (D:6)
  6 crocodiles
  Blork the orc (D:6)
  5 bullfrogs
  A wyvern skeleton (D:7)
  5 scorpions
  3 killer bees (D:8)
  An electric eel (Lair:3)
  2 crimson imps
  3 hounds
  A quasit (D:8)
  A jelly (D:8)
  3 orc wizards
  2 orc priests
  An iguana (D:5)
  6 worker ants
  4 hound skeletons
  A worker ant zombie (D:5)
  8 gnolls
  17 adders
  A shadow imp (D:8)
  An adder skeleton (D:6)
  4 worms
  A dart slug (D:2)
  3 leopard geckos
  17 orcs
  5 bats
  A giant cockroach (D:2)
  11 goblins
  4 hobgoblins
  4 jackals (D:6)
  4 quokkas
  4 frilled lizards
  A jackal zombie (D:7)
  2 kobolds
  A leopard gecko skeleton (D:6)
  A leopard gecko zombie (D:5)
  3 rats
  7 fungi
  3 plants
312 creatures vanquished.

Vanquished Creatures (others)
  A hornet (Swamp:1)
  A spriggan (Swamp:1)
2 creatures vanquished.

Grand Total: 314 creatures vanquished

Notes
Turn   | Place    | Note
-------+----------+-------------------------------------------
     0 | D:1      | dajomu the Minotaur Fighter began the quest for the Orb.
     0 | D:1      | Reached XP level 1. HP: 19/19 MP: 0/0
   339 | D:1      | Reached XP level 2. HP: 27/27 MP: 1/1
   619 | D:1      | Reached skill level 4 in Shields
  1106 | D:2      | Found a faded altar of an unknown god.
  1129 | D:2      | Became a worshipper of Cheibriados the Contemplative
  1129 | D:2      | Reached * piety under Cheibriados
  1200 | D:2      | Reached XP level 3. HP: 13/33 MP: 2/2
  1206 | D:2      | HP: 1/33 [gnoll/spear (7)]
  1272 | D:2      | Reached skill level 1 in Dodging
  1861 | D:2      | Reached XP level 4. HP: 40/40 MP: 3/3
  1899 | D:2      | Found a shimmering altar of Xom.
  2020 | D:2      | Found a deep blue altar of Sif Muna.
  2336 | D:2      | Reached ** piety under Cheibriados
  2579 | D:3      | Reached XP level 5. HP: 46/46 MP: 4/4
  2956 | D:3      | Reached skill level 5 in Armour
  3113 | D:4      | Found a staircase to the Ecumenical Temple.
  3137 | Temple   | Entered the Ecumenical Temple
  3367 | D:4      | Reached XP level 6. HP: 49/52 MP: 5/5
  3392 | D:4      | Found a stormy altar of Qazlal.
  3404 | D:4      | Reached skill level 5 in Shields
  3697 | D:4      | Found a basalt altar of Yredelemnul.
  3847 | D:4      | Got a shimmering dagger
  3850 | D:4      | Identified the +7 dagger of the Shore {elec, Str+9 Dex-4} (You found it on level 4 of the Dungeon)
  3877 | D:4      | Noticed SeriousVitamin's ghost (novice DrTm)
  3887 | D:4      | Killed SeriousVitamin's ghost
  3887 | D:4      | Reached skill level 5 in Long Blades
  3887 | D:4      | Reached skill level 1 in Stealth
  3887 | D:4      | Reached XP level 7. HP: 24/60 MP: 6/6
  4237 | D:5      | Entered Level 5 of the Dungeon
  4338 | D:5      | Found a hide-covered altar of Uskayaw.
  4575 | D:5      | Gained mutation: Your movements are slightly less encumbered by armour. (ER -2) [potion of mutation]
  4575 | D:5      | Gained mutation: You are resistant to hostile enchantments. (MR+) [potion of mutation]
  4575 | D:5      | Gained mutation: You have an increased reservoir of magic. (+10% MP) [potion of mutation]
  4598 | D:5      | Reached XP level 8. HP: 67/67 MP: 7/7
  4665 | D:5      | Reached *** piety under Cheibriados
  4950 | D:5      | Reached skill level 1 in Short Blades
  4950 | D:5      | Reached skill level 6 in Shields
  5143 | D:5      | Reached skill level 5 in Fighting
  5260 | D:5      | Noticed a hippogriff
  5275 | D:5      | Killed a hippogriff
  5492 | D:6      | Found a shattered altar of Ashenzari.
  5510 | D:6      | Noticed Eustachio
  5530 | D:6      | Killed Eustachio
  5592 | D:6      | Reached **** piety under Cheibriados
  5601 | D:6      | Reached XP level 9. HP: 71/74 MP: 8/8
  5832 | D:6      | Reached skill level 7 in Shields
  6073 | D:6      | Noticed empire's ghost (novice VSAs)
  6078 | D:6      | Killed empire's ghost
  6448 | D:6      | Noticed Blork the orc
  6449 | D:6      | Noticed Sigmund
  6453 | D:6      | Killed Blork the orc
  6453 | D:6      | Reached skill level 5 in Short Blades
  6457 | D:6      | Reached skill level 8 in Shields
  6464 | D:6      | Killed Sigmund
  7173 | D:7      | Found a blossoming altar of Fedhas.
  7397 | D:7      | Reached XP level 10. HP: 83/83 MP: 10/10
  7398 | D:7      | Reached ***** piety under Cheibriados
  7566 | D:7      | Reached skill level 9 in Shields
  7690 | D:8      | Found Pivout's Assorted Antiques.
  7702 | D:8      | Bought a pearl ring for 150 gold pieces
  7702 | D:8      | Bought a scroll of enchant weapon for 225 gold pieces
  7862 | D:8      | Noticed dvd's ghost (novice OpVM)
  7873 | D:8      | Killed dvd's ghost
  7873 | D:8      | Reached skill level 5 in Dodging
  8238 | D:8      | Noticed Prince Ribbit
  8243 | D:8      | Killed Prince Ribbit
  8243 | D:8      | Reached skill level 10 in Armour
  8264 | D:8      | Found an iron altar of Okawaru.
  8300 | D:8      | Noticed Grum
  8311 | D:8      | Noticed Joseph
  8321 | D:8      | Killed Grum
  8330 | D:8      | Killed Joseph
  8330 | D:8      | Reached skill level 10 in Shields
  8434 | D:8      | Got a smoking shortbow
  8590 | D:8      | Found a staircase to the Lair.
  8610 | Lair:1   | Entered Level 1 of the Lair of Beasts
  8676 | Lair:1   | Noticed a spiny frog
  8692 | Lair:1   | Killed a spiny frog
  8824 | Lair:1   | Reached XP level 11. HP: 91/91 MP: 11/11
  8959 | Lair:1   | Noticed a seven-headed hydra
  8970 | Lair:1   | Killed a seven-headed hydra
  9090 | Lair:1   | Reached skill level 11 in Shields
  9517 | Lair:2   | Reached ****** piety under Cheibriados
  9713 | Lair:2   | Reached skill level 1 in Evocations
 10056 | Lair:2   | Reached skill level 12 in Shields
 10484 | Lair:3   | Found a staircase to the Swamp.
 10683 | Lair:3   | Noticed Harold
 10703 | Lair:3   | Killed Harold
 10946 | Lair:3   | Reached XP level 12. HP: 80/100 MP: 13/13
 11171 | Swamp:1  | Entered Level 1 of the Swamp
 11191 | Swamp:1  | Noticed an eight-headed hydra
 11553 | Lair:3   | Killed an eight-headed hydra
 11640 | Swamp:1  | Noticed an alligator
 11642 | Swamp:1  | Noticed an alligator
 11645 | Swamp:1  | HP: 5/100 [swamp dragon (1)]
 11905 | Swamp:1  | Reached skill level 13 in Shields
 11915 | Swamp:1  | Noticed a ghost crab
 11932 | Swamp:1  | Killed a ghost crab
 12601 | Swamp:1  | Noticed an alligator
 12615 | Swamp:1  | Killed an alligator
 12820 | Swamp:2  | Paralysed by a hornet for 1 turns
 13151 | Swamp:1  | Noticed a seven-headed hydra
 13166 | Swamp:1  | Killed a seven-headed hydra
 13550 | Swamp:1  | Noticed a thorn hunter
 13561 | Swamp:1  | Killed a thorn hunter
 13561 | Swamp:1  | Reached skill level 14 in Shields
 13580 | Swamp:1  | Reached XP level 13. HP: 71/108 MP: 14/14
 13799 | Swamp:1  | Reached skill level 10 in Short Blades
 14557 | Swamp:2  | Reached skill level 10 in Dodging
 14610 | Swamp:2  | Got a warped war axe
 14693 | Swamp:2  | Reached skill level 15 in Shields
 15232 | Swamp:2  | Noticed Roxanne
 15421 | Swamp:2  | Killed from afar by Roxanne

Skill      XL: |  1  2  3  4  5  6  7  8  9 10 11 12 13 |
---------------+----------------------------------------+-----
Shields        | 4 5 6 8 10 12 14 15 | 15.2
Fighting       | 4 5 6 7 8 9 |  9.1
Armour         | 4 5 6 7 8 9 10 11 12 | 12.6
Dodging        | 1 2 3 4 6 7 9 10 | 10.4
Long Blades    | 3 4 5 6 7 |  7.3
Stealth        | 1 2 3 4 |  4.5
Short Blades   | 3 6 7 8 9 10 | 10.3
Evocations     | 1 |  1.3

Action                   |  1- 3 |  4- 6 |  7- 9 | 10-12 | 13-15 || total
-------------------------+-------+-------+-------+-------+-------++-------
Melee: Long sword        |    48 |    64 |       |       |       ||   112
       Headbutt          |     7 |    18 |    67 |   155 |    67 ||   314
       Dagger            |       |     8 |   187 |   430 |   198 ||   823
Evoke: Wand              |       |       |       |     5 |       ||     5
  Use: Scroll            |     5 |     3 |     8 |    20 |     2 ||    38
       Potion            |     2 |       |     1 |     3 |     1 ||     7
 Stab: Distracted        |       |     1 |       |     1 |       ||     2
       Sleeping          |       |       |       |     1 |       ||     1
  Eat: Bread ration      |     1 |       |     1 |       |     1 ||     3
       Meat ration       |       |       |     1 |     2 |       ||     3
Armor: Scale mail        |    21 |    34 |    59 |    32 |       ||   146
       Skin              |    14 |       |       |       |       ||    14
       Ring mail         |       |       |       |    40 |    27 ||    67
Dodge: Dodged            |    26 |    39 |    65 |   340 |   145 ||   615
Block: Shield            |    44 |    51 |   126 |   373 |   164 ||   758
       Rpst.: Long sword |     5 |    10 |       |       |       ||    15
